 Dungeon Crawl Stone Soup version 0.20-a0-1023-gc4d110f (webtiles) character file.

114 Murumi the Sneak (level 4, -2/38 HPs)
             Began as a Naga Enchanter on Apr 19, 2017.
             Slain by an orc (4 damage)
             ... on level 3 of the Dungeon.
             The game lasted 00:09:08 (2749 turns).

Murumi the Sneak (Naga Enchanter)                   Turns: 2749, Time: 00:09:09

Health: -2/38      AC:  3    Str: 11    XL:     4   Next: 97%
Magic:  13/16      EV: 15    Int: 20    God:
Gold:   78         SH:  0    Dex: 17    Spells: 1/7 levels left

rFire    . . .     SeeInvis +   a - +1 dagger
rCold    . . .     Gourm    .   (no shield)
rNeg     . . .     Faith    .   b - +0 robe
rPois    +         Spirit   .   (no helmet)
rElec    .         Reflect  .   e - +0 cloak
rCorr    .         Harm     .   (no gloves)
MR       .....                  (no barding)
Stlth    +++++.....             (no amulet)
Regen    0.2/turn               i - ring of magical power
MPRegen  0.2/turn               (no ring)

@: brilliant, agile, flying, very slightly contaminated, very slow
A: see invisible, deformed body, poison resistance, slowness 2, slow metabolism
1, spit poison 1, AC +1
a: Spit Poison


You were on level 3 of the Dungeon.
You were hungry.

You visited 1 branch of the dungeon, and saw 3 of its levels.

You collected 78 gold pieces.

Inventory:

Hand Weapons
 a - a +1 dagger (weapon)
Armour
 b - a +0 robe (worn)
 e - a +0 cloak (worn)
Jewellery
 i - a ring of magical power (left hand)
Scrolls
 j - a scroll of remove curse {unknown}
 n - a scroll of enchant armour {unknown}
 p - a scroll of blinking {unknown}
Potions
 g - a potion of magic
Books
 c - a book of Maledictions

   Spells                             Type                      Level
   a - Corona                         Hexes                        1
   b - Ensorcelled Hibernation        Hexes/Ice                    2
   c - Confuse                        Hexes                        3
   d - Tukima's Dance                 Hexes                        3
   e - Dazzling Spray                 Conjuration/Hexes            3
Comestibles
 d - 5 bread rations


   Skills:
 - Level 1.3 Fighting
 - Level 1.0 Short Blades
 - Level 2.0 Dodging
 + Level 7.6 Stealth
 - Level 2.0 Spellcasting
 - Level 3.0 Hexes


You had one spell level left.
You knew the following spells:

 Your Spells              Type           Power        Failure   Level  Hunger
a - Corona                Hex            ####...      1%          1    #......
b - Ensorcelled Hibernat  Hex/Ice        ###...       1%          2    ##.....
c - Confuse               Hex            ####....     1%          3    ###....


Dungeon Overview and Level Annotations

Branches:
Dungeon (3/15)

Altars:

Annotations:
D:3 Ijyb; Toogi's ghost, amateur DsFi


Innate Abilities, Weirdness & Mutations

You cannot wear boots.
Your serpentine skin is tough. (AC +1)
You have supernaturally acute eyesight. (SInv)
Armour fits poorly on your strangely shaped body.
Your system is resistant to poisons. (rPois)
You cover ground very slowly.
You have a slow metabolism.
You can spit poison.


Message History

Okay, then.
You feel better. The orc hits you with a mace.
* * * LOW HITPOINT WARNING * * *
The orc closely misses you.
Press: ? - help, Shift-Dir - straight line, f - kobold, p - Ijyb
Aim: a kobold The splash of poison hits the orc.
The orc is poisoned.
You kill the orc!
You feel slightly more hungry. The orc closely misses you.
The rat closely misses you.
You barely miss the rat. The orc misses you.
You hit the rat but do no damage. The rat misses you. The orc hits you.
* * * LOW HITPOINT WARNING * * *
You barely miss the rat.
You have got your breath back.
The rat closely misses you. The orc barely misses you.
You closely miss the rat. The rat bites you.
* * * LOW HITPOINT WARNING * * *
The orc hits you.
You die...

ooo.......#
.......$..####
oKor.........###
................
..K.Kg....... ..g#
#...# ##r###...#
#@o......####
#...........#
#.)....÷.##.######
#......(###.......
#.....#.# #.......
####### #.....#.#
#....... ......#
###.###.# #.......
....†.# #.# #.#
#)...... ......#
#<# #.# #.)....[


You could see Ijyb, an orc, a hobgoblin, a kobold and a rat.

Vanquished Creatures
  An orc wizard (D:3)
  2 adders (D:2)
  A gnoll (D:1)
  2 worms (D:2)
  A dart slug (D:1)
  3 leopard geckos
  3 orcs (D:3)
  A ball python (D:1)
  2 giant cockroaches (D:1)
  4 hobgoblins
  5 kobolds
  8 bats
  2 frilled lizards (D:2)
  2 goblins
  10 rats
47 creatures vanquished.

Notes
Turn   | Place    | Note
-------+----------+-------------------------------------------
     0 | D:1      | Murumi the Naga Enchanter began the quest for the Orb.
     0 | D:1      | Reached XP level 1. HP: 15/15 MP: 3/3
   386 | D:1      | Reached XP level 2. HP: 20/22 MP: 5/5
   390 | D:1      | Learned a level 2 spell: Ensorcelled Hibernation
   551 | D:1      | Reached skill level 5 in Stealth
   611 | D:1      | Reached skill level 1 in Fighting
   617 | D:1      | Reached XP level 3. HP: 30/31 MP: 3/6
  1771 | D:2      | Reached skill level 6 in Stealth
  2182 | D:2      | Reached XP level 4. HP: 31/38 MP: 7/7
  2446 | D:3      | Noticed Toogi's ghost (amateur DsFi)
  2689 | D:3      | Learned a level 3 spell: Confuse
  2722 | D:3      | Noticed Ijyb
  2731 | D:3      | Reached skill level 7 in Stealth
  2749 | D:3      | Slain by an orc

Vault maps used:
D:1:      minmay_arrival_up_and_down
D:3:      uniq_iyjb

Skill      XL: |  1  2  3  4 |
---------------+-------------+-----
Dodging        | 2 |  2.0
Stealth        | 5 6 7 |  7.6
Fighting       | 1 |  1.3
Short Blades   | |  1.0
Spellcasting   | |  2.0
Hexes          | |  3.0

Action                   |  1- 3 |  4- 6 || total
-------------------------+-------+-------++-------
Melee: Dagger            |    78 |    64 ||   142
 Cast: Ensorcelled Hiber |     7 |     3 ||    10
 Abil: Spit Poison       |    14 |     8 ||    22
  Use: Scroll            |     1 |     1 ||     2
       Potion            |       |     5 ||     5
 Stab: Sleeping          |     5 |     3 ||     8
  Eat: Chunk             |     4 |     2 ||     6
Armor: Robe              |    14 |    36 ||    50
Dodge: Dodged            |    51 |    79 ||   130
